 Dungeon Crawl Stone Soup version 0.20.1-1-g8b1a95d (webtiles) character file.

174 QuCean the Ducker (level 5, 0/37 HPs)
             Began as a Demonspawn Wanderer on Oct 9, 2017.
             Slain by Terence
             ... wielding a +1 short sword of venom
              (3 damage)
             ... on level 1 of the Dungeon.
             The game lasted 00:13:39 (2366 turns).

QuCean the Ducker (Demonspawn Wanderer)             Turns: 2366, Time: 00:13:39

Health: 0/37       AC:  5    Str: 15    XL:     5   Next: 28%
Magic:  5/5        EV: 11    Int: 12    God:
Gold:   110        SH:  3    Dex: 12    Spells: 4/4 levels left

rFire    . . .     SeeInvis .   a - +2 dagger
rCold    . . .     Gourm    .   m - +0 buckler
rNeg     . . .     Faith    .   h - +0 ring mail (curse)
rPois    .         Spirit   .   (no helmet)
rElec    .         Reflect  .   (no cloak)
rCorr    .         Harm     .   (no gloves)
MR       .....                  (no boots)
Stlth    +.........             (no amulet)
Regen    0.2/turn               (no ring)
MPRegen  0.1/turn               (no ring)

@: lethally poisoned (0 -> -37)
A: spiny 2
a: no special abilities


You were on level 1 of the Dungeon.
You were not hungry.

You visited 1 branch of the dungeon, and saw 4 of its levels.

You collected 110 gold pieces.

Inventory:

Hand Weapons
 a - a +2 dagger (weapon)
 c - a +0 falchion
Armour
 e - a +0 robe
 h - a cursed +0 ring mail (worn)
 m - a +0 buckler (worn)
Jewellery
 j - an uncursed amulet of the gourmand {unknown}
Scrolls
 k - 2 scrolls of remove curse {unknown}
Comestibles
 i - 2 meat rations


   Skills:
 + Level 1.4 Fighting
 * Level 2.3 Short Blades
   Level 1.0 Staves
 + Level 1.4 Armour
 + Level 3.8 Dodging
 + Level 2.7 Stealth
 * Level 1.0 Shields
 + Level 1.8 Unarmed Combat


You had 4 spell levels left.
You didn't know any spells.

Dungeon Overview and Level Annotations

Branches:
Dungeon (4/15)
 Temple: D:4-7

Altars:

Annotations:
D:1 Terence
D:2 Sigmund


Innate Abilities, Weirdness & Mutations

You are mostly covered in sharp spines.


Message History

* * * LOW HITPOINT WARNING * * *
You feel sick. Terence hits you but does no damage.
You are more poisoned.
You hit Terence but do no damage.
Terence is heavily wounded.
* * * LOW HITPOINT WARNING * * *
You feel sick. Terence barely misses you.
You hit Terence but do no damage.
Terence is heavily wounded.
* * * LOW HITPOINT WARNING * * *
You feel sick.
Terence hits you with a short sword of venom.
* * * LOW HITPOINT WARNING * * *
You are more poisoned.
You completely miss Terence.
Terence is heavily wounded.
* * * LOW HITPOINT WARNING * * *
You feel very sick.
Terence hits you with a short sword of venom.
You die...

#.# #.# #.# #######.####
###########.#####...........
#.......................####
###.............#.#####.#
#####.###..####.# #.# #.# #..#
#.# #.# ############.###.)#
#.# #.# ................@.#
#.# #.#
.######...[..###.@####.#####.#
.######.######(..............#
.#......# ###..###..#######
.#......# #..# #..#
.#......########..# #..#
.#................###..#
.............##........#
.#.....#####.##..####.##


You could see Terence.

Vanquished Creatures
  A howler monkey (D:4)
  Natasha (D:3)
  A worker ant (D:4)
  2 adders (D:2)
  An ooze (D:4)
  A dart slug (D:1)
  2 leopard geckos
  6 orcs
  A ball python (D:1)
  4 bats
  3 giant cockroaches
  2 goblins
  5 hobgoblins
  8 jackals
  4 kobolds
  5 frilled lizards
  7 rats
54 creatures vanquished.

Vanquished Creatures (others)
  4 fungi (D:2)
  10 toadstools (D:2)
14 creatures vanquished.

Grand Total: 68 creatures vanquished

Notes
Turn   | Place    | Note
-------+----------+-------------------------------------------
     0 | D:1      | QuCean the Demonspawn Wanderer began the quest for the Orb.
     0 | D:1      | QuCean set off with: a +2 dagger, a scroll of blinking, a +0 falchion, a potion of curing, a +0 robe, a bread ration
     0 | D:1      | Reached XP level 1. HP: 15/15 MP: 1/1
   119 | D:1      | Reached skill level 3 in Dodging
   119 | D:1      | Gained mutation: You are partially covered in sharp spines. [demonic ancestry]
   119 | D:1      | Reached XP level 2. HP: 18/21 MP: 2/2
   450 | D:1      | Reached XP level 3. HP: 25/26 MP: 3/3
   624 | D:1      | Reached skill level 1 in Short Blades
  1027 | D:2      | Noticed Natasha
  1028 | D:2      | Noticed Terence
  1343 | D:4      | Reached XP level 4. HP: 26/32 MP: 4/4
  1353 | D:4      | Noticed a phantom
  1690 | D:3      | Reached skill level 1 in Armour
  1833 | D:3      | Killed Natasha
  1833 | D:3      | Gained mutation: You are mostly covered in sharp spines. [demonic ancestry]
  1833 | D:3      | Reached XP level 5. HP: 36/37 MP: 5/5
  1882 | D:2      | Noticed Sigmund
  1927 | D:2      | HP: 1/37 [Sigmund/scythe of flaming (1)]
  2366 | D:1      | Slain by Terence

Skill      XL: |  1  2  3  4 |
---------------+-------------+-----
Dodging        | 3 |  3.8
Stealth        | 2 |  2.7
Short Blades   | 1 2 |  2.3
Armour         | 1 |  1.4
Fighting       | |  1.4
Staves         | |  1.0
Shields        | |  1.0
Unarmed Combat | |  1.8

Action                   |  1- 3 |  4- 6 || total
-------------------------+-------+-------++-------
Melee: Dagger            |    90 |    68 ||   158
  Use: Scroll            |     2 |     1 ||     3
       Potion            |       |     3 ||     3
 Stab: Sleeping          |     2 |       ||     2
  Eat: Chunk             |     1 |     3 ||     4
       Bread ration      |       |     1 ||     1
Armor: Robe              |    11 |       ||    11
       Ring mail         |    17 |    22 ||    39
Dodge: Dodged            |    80 |    39 ||   119
Block: Buckler           |       |     7 ||     7
